 Dungeon Crawl Stone Soup version 0.9-b1-44-g7df3c1b character file.

220967 Thndr the Axe Maniac (level 19, -13/268 (273) HPs)
             Began as a Mountain Dwarf Fighter on July 24, 2011.
             Was the Champion of Okawaru.
             Mangled by an Ice Fiend (25 damage)
             ... in an ice cave on July 26, 2011.
             The game lasted 04:38:40 (52850 turns).

Thndr the Axe Maniac (Mountain Dwarf Fighter)      Turns: 52850, Time: 04:38:40

HP -13/268 (273) AC 39     Str 33      XL: 19   Next: 72%
MP   0/21        EV 13     Int  9 (10) God: Okawaru [******]
Gold 2332        SH  0     Dex 15      Spells:  1 memorised, 19 levels left

Res.Fire  : . . .   See Invis. : .   b - +8 broad axe of Distant Worlds {god gift, Res.Cold : + . . Warding : . . H - +12 splint mail "Poullig" {+Rage MR Acc+1} Life Prot.: . . . Conserve : . (no shield) Res.Acid. : . . . Res.Corr. : . c - +2 wizard hat {MR}
Res.Poison: +       Clarity    : .   o - +0 cloak of Goziopt {god gift, rPois MR}
Res.Elec. : .       Spirit.Shd : +   C - +2 pair of gloves
Sust.Abil.: . .     Stasis     : .   O - +2 pair of boots of the Assassin {+Inv Dex Res.Mut. : . Ctrl.Telep.: . L - amulet of guardian spirit Res.Rott. : . Levitation : . s - ring of protection from cold Saprovore : . . . Ctrl.Flight: . Z - +5 ring of evasion

@: berserking, very quick, incredibly resistant to hostile enchantments,
extremely unstealthy
A: blink 1, blurry vision 1, mutation resistance 1, AC +1, Dex +1
a: Blink, Heroism, Finesse, Renounce Religion, Evoke Berserk Rage, Evoke
Invisibility
}: 2/15 runes: decaying, barnacled


You were in an ice cave.
You worshipped Okawaru.
Okawaru was exalted by your worship.
You were not hungry.

You visited 7 branches of the dungeon, and saw 43 of its levels.
You visited 4 portal chambers: spiders nest, bailey, wizlab, ice cave.

You collected 2655 gold pieces.
You spent 343 gold pieces at shops.

Inventory:

Hand weapons
 a - a +6,+8 battleaxe of freezing
 b - the +8,+8 broad axe of Distant Worlds (weapon) {god gift, flame, Int+3}
   (Okawaru gifted it to you on level 4 of the Lair of Beasts)

   It emits flame when wielded, causing extra injury to most foes and up to
   double damage against particularly susceptible opponents.
   Big, fiery blades are also staple armaments of hydra-hunters.
   It affects your intelligence (+3).
 n - the +0,-3 battleaxe "Death Rattle" {god gift, antimagic, rC+}
   (Okawaru gifted it to you on level 3 of the Vaults)

   It disrupts the flow of magical energy around spellcasters and certain
   magical creatures (including the wielder).
   It protects you from cold.
 I - the +7,+6 Sceptre of Torment
   (You found it on level 3 of the Vaults)
Armour
 c - a +2 wizard hat of magic resistance (worn)
 m - the -5 crystal plate mail "Pro Qam" {god gift, unknown, MR}
   (Okawaru gifted it to you in an ice cave)

   It increases your resistance to enchantments.
 o - the +0 cloak of Goziopt (worn) {god gift, rPois MR}
   (Okawaru gifted it to you in a spider's nest)

   It protects you from poison.
   It increases your resistance to enchantments.
 C - a +2 pair of gloves (worn)
 H - the +12 splint mail "Poullig" (worn) {+Rage MR Acc+1}
   (You found it on level 5 of the Dungeon)

   It affects your accuracy (+1).
   It increases your resistance to enchantments.
   It lets you go berserk.
 O - the +2 pair of boots of the Assassin (worn) {+Inv Dex+3 Stlth++}
   (You found it on level 5 of the Shoals)

   It affects your dexterity (+3).
   It lets you turn invisible.
   It makes you much more stealthy.
   These boots were specially designed by the Assassin's Guild.
Magical devices
 l - a wand of fire (3) {unknown}
 p - a wand of digging (7)
 r - a wand of lightning (8)
 F - a wand of draining (11)
 M - a wand of hasting (1)
 P - a wand of cold (6)
 T - a wand of fireball (5)
Comestibles
 d - 11 bread rations
 e - 32 honeycombs
 v - 4 meat rations
 y - 19 royal jellies
Scrolls
 f - 3 scrolls of magic mapping
 g - a scroll of enchant weapon II
 h - a scroll of vorpalise weapon
 i - a scroll of detect curse
Jewellery
 j - an uncursed ring of sustenance
 k - a +2 ring of dexterity {unknown}
 s - a ring of protection from cold (right hand)
 L - an amulet of guardian spirit (around neck)
 W - an uncursed ring of protection from magic
 Z - a +5 ring of evasion (left hand)


   Skills:
 + Level 21 Fighting
 O Level 27 Axes
 + Level 20 Armour
 - Level 2 Dodging
 - Level 1 Stealth
 - Level 1 Stabbing
 - Level 4 Shields
 - Level 1 Traps & Doors
 + Level 1 Spellcasting
 + Level 4 Invocations
 + Level 7 Evocations


You had 19 spell levels left.
You knew the following spells:

 Your Spells              Type           Power        Success   Level  Hunger
a - Shock                 Air/Conj       #....        Terrible    1    Choko

Dungeon Overview and Level Annotations

Branches:
Dungeon (17/27)            Temple (1/1) D:6             Orc (0/4) D:7
   Lair (8/8) D:8           Swamp (5/5) Lair:5       Shoals (5/5) Lair:6
  Slime (0/6) Lair:7         Hive (2/2) D:14          Vault (5/8) D:14
  Blade (0/1) Vault:4       Crypt (0/5) Vault:4

Altars:
Ashenzari
Cheibriados
Elyvilon
Fedhas
Kikubaaqudgha
Makhleb
Nemelex Xobeh
Okawaru
Sif Muna
The Shining One
Trog
Vehumet
Xom
Yredelemnul
Zin
Jiyva

Shops:
D:4: [ D:11: ? D:17: ( Shoals:1: ?

Portals:
Trove: D:17 (give +4,+4 demon whip)


Innate Abilities, Weirdness & Mutations

You are partially covered in colourless scales (AC +1).
You are agile (Dex +1).
You can translocate small distances at will.
Your vision is a little blurry.
You are somewhat resistant to further mutation.


Message History

* * * LOW HITPOINT WARNING * * *
You aren't carrying any potions.
Use which ability? (? or * to list)
A red film seems to cover your vision as you go berserk!
You feel yourself moving faster!
You feel mighty!
The ice devil hits you but does no damage.
You hit the ice devil. You burn the ice devil.
The ice devil is lightly wounded.
You slice the ice devil!! You burn the ice devil!
The ice devil is heavily wounded.
The ice devil closely misses you.
You hit the ice devil. You burn the ice devil!
The ice devil is almost dead.
You slash the Ice Fiend! You burn the Ice Fiend.
The Ice Fiend is lightly wounded.
The ice devil misses you.
You slice the Ice Fiend!! You burn the Ice Fiend!
The Ice Fiend is moderately wounded.
The Ice Fiend claws you! The Ice Fiend freezes you!
You die...

▒▒ ▒▒·▒▒ ▒▒▒▒ ▒▒···▒▒
▒··▒▒ ▒▒····§▒ ····▒▒
▒······▒▒ ··▒§·▒▒
▒▒··§····▒ ▒▒▒··§▒
▒§§§§§§··▒
▒▒▒▒·§▒▒▒§§§§§§2▒▒▒
▒·)▒▒§§▒§§§§·▒·▒@·▒
▒··)▒▒§§§§§·▒▒5▒15▒▒
····▒▒·§§§▒▒▒··▒···▒
····▒▒▒·§§▒········▒▒
···▒▒ ▒·§·▒·········▒
·▒·▒▒
▒···▒··5▒▒▒▒··▒·
▒▒··▒
▒···············
▒···▒
▒·§▒····§§····▒·
····▒ ▒▒§▒▒··▒·▒5·▒·▒


You could see an Ice Fiend, an ice devil and a white imp.

Vanquished Creatures
  Agnes (Vault:3)
  Frances (Shoals:3)
  Roxanne (Swamp:4)
  Aizul (D:17)
  Ilsuiw (Shoals:5)
  Louise (D:14)
  The ghost of Soadreqm the Eclecticist, a powerful DrTm of Ashenzari (Vault:2)
  Gastronok (D:9)
  A stone giant (Vault:4)
  Jozef (D:12)
  3 dire elephants (Lair:8)
  Snorg (Swamp:4)
  A great orb of eyes (D:17)
  A yaktaur captain (Vault:5)
  6 sirens
  A hydra (shapeshifter) (Vault:4)
  8 merfolk aquamancers
  2 dragons
  Erica (Lair:6)
  Harold (D:13)
  A merfolk javelineer (Shoals:5)
  23 hydras
  Polyphemus (Shoals:2)
  5 ogre magi
  7 alligators
  An anaconda (Lair:8)
  9 death yaks
  2 rakshasas
  5 merfolk impalers
  16 centaur warriors
  Nergalle (Swamp:4)
  A stone giant zombie (Vault:4)
  A stone giant skeleton (Vault:5)
  The ghost of Slutbag the Firebug, an experienced HOFE of Vehumet (D:9)
  Erolcha (D:10)
  5 unseen horrors
  A frost giant skeleton (Vault:4)
  4 skeletal warriors (Vault:1)
  The ghost of Egglet the Thaumaturge, an experienced DEEE of Vehumet (Lair:1)
  6 ice devils
  3 sea snakes
  A giant orange brain (shapeshifter) (Vault:4)
  A swamp dragon (Lair:5)
  4 orc knights
  2 ice statues (IceCv)
  2 wizards (Vault:4)
  2 giant amoebae
  14 hill giants
  2 lindwurms
  Joseph (D:8)
  10 harpies
  2 oklob plants
  3 griffons
  A fountain mimic (D:17)
  A hydra skeleton (Vault:1)
  2 red wasps
  8 cyclopes
  2 stone golems (IceCv)
  2 door mimics
  A sixfirhy (Shoals:3)
  A stair mimic (Vault:5)
  An ice dragon zombie (D:17)
  An eye of devastation (Vault:4)
  3 black mambas
  9 wolf spiders
  7 elephants
  A portal mimic (D:16)
  2 shop mimics
  64 slime creatures
  5 weapon mimics
  2 spiny worm zombies
  A griffon skeleton (D:17)
  10 spiny frogs
  5 trapdoor spiders
  2 rock trolls (Vault:4)
  Psyche (D:13)
  2 yaktaurs (Vault:5)
  8 mermaids
  A giant toad skeleton (D:14)
  An efreet (Vault:3)
  A hill giant skeleton (D:14)
  4 redbacks (IceCv)
  46 ugly things
  2 queen bees
  A queen bee (shapeshifter) (Vault:4)
  6 komodo dragons
  A spriggan (shapeshifter) (D:17)
  A deep troll zombie (Vault:4)
  13 trolls
  A komodo dragon (shapeshifter) (D:17)
  A rock troll zombie (Vault:3)
  5 bog mummies
  A raven (shapeshifter) (Vault:1)
  9 two-headed ogres
  7 baby alligators
  2 rock troll skeletons
  10 blink frogs
  17 snapping turtles
  8 basilisks
  22 giant toads
  4 wyverns
  2 vampires
  7 blue devils (IceCv)
  3 wraiths
  12 sharks
  49 merfolk
  Eustachio (D:6)
  A blink frog skeleton (D:10)
  15 hippogriffs
  2 steam dragons
  52 yaks
  6 fire drakes
  A hungry ghost (Vault:1)
  A yaktaur zombie (Vault:4)
  30 vampire mosquitoes
  A ynoxinul (Shoals:3)
  15 manticores
  4 war dogs (Lair:8)
  2 rock worms
  6 mottled dragons
  A soldier ant (Vault:3)
  Edmund (D:9)
  A giant slug zombie (D:17)
  6 jumping spiders (IceCv)
  A dwarf (shapeshifter) (Vault:3)
  A necrophage (D:11)
  3 sky beasts
  A troll zombie (D:16)
  A phantom (D:6)
  A cyclops skeleton (D:15)
  30 swamp worms
  A yak zombie (D:14)
  15 ice beasts
  5 kenku (Swamp:2)
  4 red devils (D:9)
  18 ogres
  24 giant goldfish
  13 orc warriors
  5 swamp drakes
  2 boring beetles
  51 centaurs
  A brain worm (Vault:4)
  14 crocodiles
  Duvessa (D:6)
  3 big kobolds
  14 giant frogs
  6 giant slugs
  12 water moccasins
  8 agate snails
  4 tarantellas (IceCv)
  4 wargs
  A water moccasin zombie (D:10)
  4 giant leeches
  Blork the orc (D:6)
  A basilisk zombie (Vault:1)
  A basilisk skeleton (D:14)
  A human (D:15)
  A boulder beetle (Vault:3)
  5 lava fish (Swamp:5)
  3 jellyfish (Swamp:4)
  10 wights
  3 eyes of draining
  A killer bee zombie (D:13)
  147 killer bees
  3 quasits
  13 electric eels
  5 goliath beetles
  A mottled dragon zombie (Vault:2)
  Dowan (D:6)
  A big kobold zombie (D:10)
  6 imps
  4 shadows
  A mottled dragon skeleton (Vault:1)
  2 big fish (D:15)
  A big kobold skeleton (D:11)
  10 spiders (IceCv)
  Crazy Yiuf (D:2)
  3 orc priests
  6 worker ants
  7 iguanas
  2 orange rats (Vault:4)
  A deep elf soldier (D:10)
  5 scorpions
  14 hounds
  2 worker ant zombies (D:8)
  13 orc wizards
  A porcupine (shapeshifter) (Vault:3)
  10 porcupines
  Ijyb (D:6)
  10 sheep
  A mummy (D:12)
  2 jellies
  A boggart (Vault:4)
  13 gnolls
  6 giant centipedes
  22 snakes
  2 giant centipede zombies
  2 iguana skeletons
  61 green rats
  2 giant mites
  8 white imps (IceCv)
  6 worms
  10 ufetubi
  7 grey rats
  A bat skeleton (D:9)
  5 giant eyeballs
  8 giant geckos
  3 oozes
  79 orcs
  49 bats
  6 giant cockroaches
  16 hobgoblins
  34 jackals
  33 kobolds
  12 quokkas
  A small snake (D:8)
  11 giant newts
  A giant spore (D:9)
  15 goblins
  A hobgoblin skeleton (D:5)
  4 illusory rakshasas
  14 killer bee larvae
  An orc skeleton (D:10)
  An orc zombie (D:15)
  A quokka skeleton (D:10)
  48 rats
  A rat skeleton (D:6)
  18 ballistomycetes
  A bush (Lair:5)
  A butterfly (Shoals:2)
  12 fungi
  28 plants
  17 toadstools
1810 creatures vanquished.

Vanquished Creatures (collateral kills)
  A hydra (Lair:5)
  A giant frog (Lair:5)
  An iguana (Lair:5)
3 creatures vanquished.

Vanquished Creatures (others)
  2 hydras (Swamp:5)
  19 slime creatures
  An ugly thing (Vault:3)
  A komodo dragon (Lair:6)
  A giant toad (Vault:4)
  A yak (Lair:8)
  A steam dragon (Swamp:5)
  4 vampire mosquitoes (Swamp:5)
  A small abomination (Lair:5)
  A swamp drake (Swamp:5)
  A centaur (D:9)
  A giant frog (D:15)
  A porcupine (Lair:4)
  A boggart (Vault:4)
  A giant centipede (Lair:4)
  2 ufetubi (IceCv)
  An orc (D:9)
  A giant newt (D:10)
  A giant spore (D:14)
  An illusory rakshasa (Vault:3)
  A fungus (Lair:4)
  4 plants
  31 toadstools
79 creatures vanquished.

Grand Total: 1892 creatures vanquished

Notes
Turn   | Place    | Note
--------------------------------------------------------------
     0 | D:1      | Thndr, the Mountain Dwarf Fighter, began the quest for the Orb.
     0 | D:1      | Reached XP level 1. HP: 19/19 MP: 0/0
   314 | D:1      | Reached XP level 2. HP: 9/27 MP: 1/1
   950 | D:2      | Reached XP level 3. HP: 23/33 MP: 2/2
  1206 | D:2      | Found a basalt altar of Yredelemnul.
  1535 | D:2      | Reached skill level 5 in Armour
  1674 | D:2      | Reached skill level 1 in Dodging
  1705 | D:2      | Noticed Crazy Yiuf
  1730 | D:2      | Defeated Crazy Yiuf
  1730 | D:2      | Reached XP level 4. HP: 40/40 MP: 2/2
  2475 | D:3      | Reached XP level 5. HP: 43/46 MP: 3/3
  2619 | D:4      | Found Grenaj's Armour Shop.
  2696 | D:4      | Reached skill level 6 in Armour
  3085 | D:4      | Found a glowing golden altar of the Shining One.
  3277 | D:5      | Entered Level 5 of the Dungeon
  3296 | D:5      | Reached XP level 6. HP: 49/53 MP: 4/4
  3316 | D:5      | Found a burning altar of Makhleb.
  3546 | D:5      | Got a faintly humming splint mail
  3547 | D:5      | Identified the +12 splint mail "Poullig" (You found it on level 5 of the Dungeon)
  3548 | D:5      | LordSloth: did you know troll leather doesn't give trolls a regen bonus? Still nice AC.
  3972 | D:6      | Reached skill level 5 in Fighting
  4027 | D:6      | Reached skill level 5 in Axes
  4027 | D:6      | Reached skill level 1 in Stealth
  4027 | D:6      | Reached XP level 7. HP: 49/60 MP: 4/4
  4036 | D:6      | Noticed Ijyb
  4048 | D:6      | Defeated Ijyb
  4061 | D:6      | Noticed Blork the orc
  4071 | D:6      | Defeated Blork the orc
  4071 | D:6      | Reached skill level 7 in Armour
  4071 | D:6      | Reached skill level 1 in Traps & Doors
  4124 | D:6      | Found a staircase to the Ecumenical Temple.
  4263 | D:6      | Noticed Duvessa
  4263 | D:6      | Noticed Dowan
  4273 | D:6      | Noticed Eustachio
  4278 | D:6      | Defeated Duvessa
  4282 | D:6      | Defeated Eustachio
  4300 | D:6      | Defeated Dowan
  4438 | D:6      | Reached skill level 1 in Evocations
  4438 | D:6      | Reached XP level 8. HP: 52/68 MP: 5/5
  5247 | D:6      | Reached skill level 8 in Armour
  7008 | D:7      | Found a shimmering altar of Xom.
  7008 | D:7      | Found a shimmering altar of Xom.
  7009 | D:7      | Found a shimmering altar of Xom.
  7012 | D:7      | Found a shimmering altar of Xom.
  7032 | D:7      | Found a deep blue altar of Sif Muna.
  7079 | Temple   | Entered the Ecumenical Temple
  7253 | Temple   | Became a worshipper of Warmaster Okawaru
  7415 | D:7      | Found a staircase to the Orcish Mines.
  7447 | D:7      | Reached skill level 9 in Armour
  7581 | D:7      | Paralysed by a giant eyeball for 2 turns
  8021 | D:8      | Reached XP level 9. HP: 74/74 MP: 4/6
  8023 | D:8      | Acquired Okawaru's first power
  8072 | D:8      | Noticed a basilisk
  8097 | D:8      | Defeated a basilisk
  8097 | D:8      | Reached skill level 10 in Armour
  8114 | D:8      | Found a staircase to the Lair.
  8513 | D:9      | Noticed Joseph
  8586 | D:9      | Noticed Slutbag's ghost (experienced HOFE)
  8592 | D:8      | Defeated Joseph
  8661 | D:9      | Reached skill level 11 in Armour
  8741 | D:9      | Reached XP level 10. HP: 38/83 MP: 1/6
  8982 | D:9      | Reached skill level 10 in Axes
  9103 | D:9      | Reached skill level 12 in Armour
  9247 | D:9      | Noticed Edmund
  9262 | D:9      | Defeated Edmund
  9362 | D:9      | Noticed Gastronok
  9379 | D:9      | Defeated Gastronok
  9379 | D:9      | Reached XP level 11. HP: 93/93 MP: 0/7
  9596 | D:9      | Reached skill level 10 in Fighting
  9676 | D:9      | Defeated Slutbag's ghost
  9750 | D:10     | Entered Level 10 of the Dungeon
  9750 | D:10     | Found a glowing silver altar of Zin.
  9757 | D:10     | Paralysed by a giant eyeball for 4 turns
  9789 | D:9      | Reached skill level 13 in Armour
 10149 | D:10     | Acquired Okawaru's second power
 10259 | D:10     | Noticed Erolcha
 10290 | D:10     | Defeated Erolcha
 10290 | D:10     | Reached skill level 1 in Spellcasting
 10790 | D:11     | Found Osoimni's Magic Scroll Boutique.
 10793 | D:11     | Bought a scroll of immolation for 15 gold pieces
 10793 | D:11     | Bought a scroll of enchant weapon II for 82 gold pieces
 10793 | D:11     | Bought a scroll of remove curse for 45 gold pieces
 11701 | D:12     | Noticed Jozef
 11712 | D:12     | Defeated Jozef
 11712 | D:12     | Reached skill level 14 in Axes
 11813 | D:12     | Reached XP level 12. HP: 85/104 MP: 1/11
 11847 | D:12     | Received a gift from Okawaru
 11850 | D:12     | Got a heavily runed splint mail {god gift}
 11872 | D:12     | Identified the +1 splint mail of Virtue {god gift} (Okawaru gifted it to you on level 12 of the Dungeon)
 12395 | Lair:1   | Entered Level 1 of the Lair of Beasts
 12397 | Lair:1   | Noticed Egglet's ghost (experienced DEEE)
 12413 | Lair:1   | Defeated Egglet's ghost
 12949 | Lair:1   | Reached skill level 15 in Axes
 14004 | Lair:2   | Reached skill level 5 in Evocations
 14832 | Lair:3   | Reached skill level 1 in Stabbing
 15440 | Lair:4   | Paralysed by you for 2 turns
 15916 | Lair:4   | Found a glowing golden altar of the Shining One.
 15925 | Lair:4   | Reached skill level 16 in Axes
 15925 | Lair:4   | Reached skill level 15 in Armour
 16263 | Lair:4   | Received a gift from Okawaru
 16522 | D:11     | Bought a scroll of curse armour for 30 gold pieces
 16535 | D:11     | Identified a scroll of acquirement
 16937 | Lair:4   | Got a warped broad axe {god gift}
 16965 | Lair:5   | Found a staircase to the Swamp.
 17030 | Lair:5   | Reached skill level 1 in Invocations
 17374 | Lair:5   | Identified the broad axe of Distant Worlds {god gift, flame, Int+3} (Okawaru gifted it to you on level 4 of the Lair of Beasts)
 17445 | Lair:5   | Reached skill level 17 in Axes
 17445 | Lair:5   | Reached XP level 13. HP: 111/115 MP: 0/11
 17522 | Lair:5   | Found a crumbling entrance.
 17577 | Spider   | Entered a spider's nest
 17691 | Spider   | Received a gift from Okawaru
 17692 | Spider   | Got a jewelled cloak {god gift}
 17697 | Spider   | Identified the +0 cloak of Goziopt {god gift} (Okawaru gifted it to you in a spider's nest)
 18002 | Spider   | Got a twisted robe
 18295 | Lair:5   | Reached skill level 18 in Axes
 18524 | Swamp:1  | Entered Level 1 of the Swamp
 18956 | Swamp:1  | Identified the +1 robe of Untruth (You found it in a spider's nest)
 19532 | Swamp:1  | Reached skill level 19 in Axes
 20427 | Swamp:2  | Reached XP level 14. HP: 123/123 MP: 13/13
 20986 | Swamp:2  | Reached skill level 15 in Fighting
 22319 | Swamp:3  | Reached skill level 20 in Axes
 22513 | Swamp:3  | Received a gift from Okawaru
 23943 | Swamp:4  | Noticed Snorg
 23957 | Swamp:4  | Defeated Snorg
 24196 | Swamp:4  | Noticed Nergalle
 24204 | Swamp:4  | Defeated Nergalle
 24273 | Swamp:4  | Noticed Roxanne
 24296 | Swamp:4  | Defeated Roxanne
 24823 | Swamp:4  | Reached skill level 21 in Axes
 24828 | Swamp:5  | Entered Level 5 of the Swamp
 25016 | Swamp:5  | Reached XP level 15. HP: 46/132 MP: 1/17
 25930 | Swamp:5  | Got a decaying rune of Zot
 26104 | Swamp:1  | Received a gift from Okawaru
 26228 | Lair:6   | Noticed Erica
 26237 | Lair:6   | Defeated Erica
 26500 | Lair:6   | Found a staircase to the Shoals.
 26691 | Lair:6   | You fall through a shaft!
 26691 | Lair:8   | Entered Level 8 of the Lair of Beasts
 27086 | Lair:7   | Found a viscous altar of Jiyva.
 27086 | Lair:7   | Found a staircase to the Slime Pits.
 27224 | Lair:7   | Reached skill level 22 in Axes
 27728 | Shoals:1 | Entered Level 1 of the Shoals
 27768 | Shoals:1 | Got a jewelled sling
 27954 | Shoals:1 | Found Epuoh's Magic Scroll Emporium.
 27964 | Shoals:1 | Bought a scroll of enchant armour for 99 gold pieces
 27964 | Shoals:1 | Bought a scroll of identify for 36 gold pieces
 27964 | Shoals:1 | Bought a scroll of identify for 36 gold pieces
 28928 | Shoals:2 | Noticed Polyphemus
 28967 | Shoals:2 | Defeated Polyphemus
 29563 | Shoals:2 | Received a gift from Okawaru
 29744 | Lair:6   | Identified the +1,+2 sling of Beogh's Brutal Revenge (You found it on level 1 of the Shoals)
 30003 | Shoals:3 | Reached XP level 16. HP: 132/143 MP: 5/18
 30132 | Shoals:3 | Noticed Frances
 30144 | Shoals:3 | Defeated Frances
 30227 | Shoals:3 | Got an encrusted chain mail
 30292 | Shoals:3 | Reached skill level 23 in Axes
 31532 | Shoals:4 | Got a crude sabre
 31689 | Lair:6   | Identified the cursed +4 chain mail of Craterix (You found it on level 3 of the Shoals)
 31689 | Lair:6   | Identified the +7,+7 sabre "Qoisocel" (You found it on level 4 of the Shoals)
 31882 | Shoals:5 | Entered Level 5 of the Shoals
 31915 | Shoals:5 | Noticed Ilsuiw
 33184 | Shoals:5 | Received a gift from Okawaru
 33715 | Shoals:5 | Got a pair of soft boots
 33719 | Shoals:5 | Identified the +2 pair of boots of the Assassin (You found it on level 5 of the Shoals)
 33792 | Shoals:5 | Defeated Ilsuiw
 34855 | Shoals:5 | Reached skill level 24 in Axes
 35024 | Shoals:5 | Reached XP level 17. HP: 88/154 MP: 1/20
 35364 | Shoals:5 | Got a barnacled rune of Zot
 36905 | Lair:8   | Received a gift from Okawaru
 36908 | Lair:8   | Got a bloodstained chain mail {god gift}
 38200 | D:13     | Noticed Harold
 38207 | D:13     | Defeated Harold
 38621 | D:13     | Found a white marble altar of Elyvilon.
 38708 | D:13     | Noticed Psyche
 38812 | D:13     | Defeated Psyche
 39626 | D:14     | Found a staircase to the Vaults.
 39844 | D:14     | Noticed Louise
 39878 | D:14     | Gained mutation: You are agile (Dex +1).
 39879 | D:14     | Gained mutation: Your body is slowly deteriorating.
 39880 | D:14     | Gained mutation: Your digestive system is specialised to digest meat.
 39881 | D:14     | Lost mutation: You are agile (Dex +1).
 39881 | D:14     | Lost mutation: Your body is slowly deteriorating.
 39881 | D:14     | Lost mutation: Your digestive system is specialised to digest meat.
 39927 | D:14     | Defeated Louise
 39968 | D:14     | Reached skill level 25 in Axes
 40371 | D:15     | Entered Level 15 of the Dungeon
 40868 | D:15     | Received a gift from Okawaru
 41191 | D:15     | Found a flagged portal. 41210
                  | bailey
                  | Entered the bailey 41313
                  | bailey
                  | Found a bloodstained altar of Trog. 41358
                  | bailey
                  | Got a brightly glowing lapis lazuli ring 41359
                  | bailey
                  | Identified the ring "Huotum" (You found it in the bailey)
 42729 | D:17     | Gained mutation: Your vision is a little blurry.
 42867 | D:17     | Received a gift from Okawaru
 42926 | D:17     | Found a portal to a secret trove of treasure.
 43122 | D:17     | Reached XP level 18. HP: 166/166 MP: 21/21
 43241 | D:17     | Noticed Aizul
 43255 | D:17     | Defeated Aizul
 43307 | D:17     | Found Waabeata's Antique Weapon Shoppe.
 44719 | D:14     | Found a staircase to the Hive.
 44723 | Hive:1   | Entered Level 1 of the Hive
 44797 | Hive:1   | Received a gift from Okawaru
 45096 | Hive:2   | Entered Level 2 of the Hive
 45334 | Hive:2   | Received a gift from Okawaru
 45881 | Hive:2   | Got a warped bow
 45950 | Vault:1  | Entered Level 1 of the Vaults
 46430 | Hive:1   | Identified the +1 chain mail "Thue" {god gift} (Okawaru gifted it to you on level 8 of the Lair of Beasts)
 46499 | Vault:1  | Reached skill level 26 in Axes
 47726 | Vault:2  | Noticed Soadreqm's ghost (powerful DrTm)
 47742 | Vault:2  | Defeated Soadreqm's ghost
 48183 | Vault:3  | Received a gift from Okawaru
 48186 | Vault:3  | Got a crude battleaxe {god gift}
 48189 | Vault:3  | Paralysed by a giant eyeball for 4 turns
 48197 | Vault:3  | Paralysed by a giant eyeball for 2 turns
 48205 | Vault:3  | Paralysed by a giant eyeball for 2 turns
 48235 | Vault:3  | Got a jewelled golden mace
 48292 | Vault:3  | Noticed Agnes
 48304 | Vault:3  | Defeated Agnes
 49097 | Vault:3  | Identified the +0,-3 battleaxe "Death Rattle" {god gift} (Okawaru gifted it to you on level 3 of the Vaults)
 49097 | Vault:3  | Identified the +7,+6 Sceptre of Torment (You found it on level 3 of the Vaults)
 50118 | Vault:4  | Found an iron altar of Okawaru.
 50136 | Vault:4  | Found a staircase to the Hall of Blades.
 50357 | Vault:4  | Reached XP level 19. HP: 127/177 MP: 0/21
 50417 | Vault:4  | Gained mutation: Armour fits poorly on your unusually shaped body.
 50489 | Vault:3  | Lost mutation: Armour fits poorly on your unusually shaped body.
 50624 | Vault:4  | Found a staircase to the Crypt.
 50672 | Vault:4  | Found a glowing silver altar of Zin.
 50674 | Vault:4  | Found a deep blue altar of Sif Muna.
 50811 | Vault:4  | Received a gift from Okawaru
 51252 | Vault:5  | Reached skill level 27 in Axes
 51468 | Vault:5  | Received a gift from Okawaru
 51524 | Vault:5  | Gained mutation: You can translocate small distances at will.
 51525 | Vault:5  | Gained mutation: You are somewhat resistant to further mutation.
 51527 | Vault:5  | Gained mutation: You are agile (Dex +1).
 51528 | Vault:5  | Gained mutation: You are partially covered in colourless scales (AC +1).
 51570 | Vault:5  | Found a magical portal.
 51585 | WizLab   | Entered Eringya's Formal Garden
 51983 | WizLab   | Found a blossoming altar of Fedhas.
 52172 | WizLab   | Got a torn book
 52174 | WizLab   | Got a conspicuous book
 52176 | WizLab   | Got an inconspicuous book
 52181 | WizLab   | Got a colourful book
 52209 | Vault:5  | Identified Further Progress in Thaumaturgy (You found it in Eringya's Formal Garden)
 52209 | Vault:5  | Identified the Grimoire of Conjuration (You found it in Eringya's Formal Garden)
 52209 | Vault:5  | Identified Sif Muna's Incunabulum of Noxious Stolen Souls (You found it in Eringya's Formal Garden)
 52209 | Vault:5  | Identified Pnexiel's Further Progress in Hermeneutics (You found it in Eringya's Formal Garden)
 52231 | Vault:5  | Learned a level 1 spell: Shock
 52588 | Vault:5  | Found a frozen archway.
 52610 | IceCv    | Entered an ice cave
 52815 | IceCv    | Received a gift from Okawaru
 52817 | IceCv    | Got an ancient crystal plate mail {god gift}
 52843 | IceCv    | HP: 6/179 [Ice Fiend/torment (3)]
 52850 | IceCv    | Mangled by an Ice Fiend
